 Dungeon Crawl Stone Soup version 0.22-a0-425-g89d60a1 (webtiles) character file.

1489 suicidejoker the Skirmisher (level 8, -2/50 HPs)
             Began as a Gargoyle Fighter on May 24, 2018.
             Was an Initiate of Gozag.
             Slain by a hound (4 damage)
             ... on level 5 of the Dungeon.
             The game lasted 00:20:00 (4865 turns).

suicidejoker the Skirmisher (Gargoyle Fighter)      Turns: 4865, Time: 00:20:01

Health: -2/50      AC: -1    Str: 20      XL:     8   Next: 80%
Magic:  17/17      EV:  5    Int:  6 (9)  God:    Gozag
Gold:   134        SH: 10    Dex:  9 (11) Spells: 7/7 levels left

rFire    + . .     SeeInvis .   a - +1 long sword
rCold    + . .     Gourm    .   c - +0 shield
rNeg     + + .     Faith    .   C - +0 plate armour
rPois    ∞         Spirit   .   (no helmet)
rElec    +         Reflect  .   t - scarf {rC+ rF+}
rCorr    .         Harm     .   (no gloves)
MR       .....                  (no boots)
Stlth    ..........             (no amulet)
HPRegen  0.16/turn              s - ring of magical power
MPRegen  0.15/turn              D - ring of positive energy

@: about to teleport, corroded
A: negative energy resistance 1, electricity resistance, unbreathing,
petrification resistance, rot immunity, AC +5
a: Potion Petition, Call Merchant, Bribe Branch, Renounce Religion


You were on level 5 of the Dungeon.
You worshipped Gozag.
Gozag was aware of your devotion.
You were not hungry.

You visited 2 branches of the dungeon, and saw 7 of its levels.

You collected 224 gold pieces.
You paid 90 gold pieces to Gozag.

Inventory:

Hand Weapons
 a - a +1 long sword (weapon)
 e - a +0 hand axe of flaming
 q - a +0 war axe
 v - a cursed -1 short sword
 w - a +0 trident of venom
Missiles
 l - 42 arrows
 o - 40 sling bullets
 p - 31 poisoned needles
Armour
 b - a scarf of spirit shield
 c - a +0 shield (worn)
 g - a +3 leather armour of fire resistance
 t - a scarf of resistance (worn)
 y - a +1 cloak
 C - a +0 plate armour (worn)
Jewellery
 s - a ring of magical power (left hand)
 D - a ring of positive energy (right hand)
Wands
 h - a wand of digging (12)
 J - a wand of paralysis (22)
Scrolls
 i - 2 scrolls of enchant weapon
 u - a scroll of amnesia {unknown}
 x - a scroll of fog {unknown}
 A - 2 scrolls of remove curse
 B - a scroll of enchant armour {unknown}
 E - a scroll of identify
 F - a scroll of teleportation
Potions
 m - 2 potions of flight
 z - a potion of magic
Comestibles
 f - 6 rations


   Skills:
 + Level 5.5 Fighting
 * Level 5.4 Long Blades
 + Level 5.4 Armour
 * Level 4.5 Dodging
 + Level 5.4 Shields


You had 7 spell levels left.
You didn't know any spells.
Your spell library was empty.

Dungeon Overview and Level Annotations

Branches:
Dungeon (6/15)             Temple (1/1) D:6

Altars:
Ashenzari
Cheibriados
Dithmenos
Fedhas
Gozag
Kikubaaqudgha
Makhleb
Nemelex Xobeh
Okawaru
Ru
Sif Muna
Trog
Uskayaw
Vehumet
Wu Jian
Yredelemnul
Zin
The Shining One

Shops:
D:4 %


Innate Abilities, Weirdness & Mutations

You are resistant to torment.
Your stone body is resilient. (AC +5)
You are immune to poison.
You resist negative energy. (rN+)
You are resistant to electric shocks. (rElec)
You can survive without breathing.
You are immune to petrification.
You are immune to rotting.


Message History

* * * LOW HITPOINT WARNING * * *
You closely miss the hound.
The hound is lightly wounded.
The hound completely misses you. The hound bites you.
* * * LOW HITPOINT WARNING * * *
You closely miss the hound.
The hound is lightly wounded.
You block the hound's attack. x2
You hit the hound but do no damage.
The hound is lightly wounded.
You block the hound's attack. The hound bites you.
* * * LOW HITPOINT WARNING * * *
Okay, then.
As you read the scroll of teleportation, it crumbles to dust.
You feel strangely unstable. You block the hound's attack. The hound bites you.
* * * LOW HITPOINT WARNING * * *
The hound bites you.
You die...
Your body crumbles into a pile of gold.

###.########.###.#.# #....#
..[.........## ##..# #.##.#
############.###.#.# #######.##.#
..#...........#.##.# #...........
#.#.#########.[###.# #.#####.##.#
#.#.# #####..###.###.# #.##.#
#.#.## #..............# #.##.#
.#...####.###..###.##..# #.##.#
###.....#.###...@......# #.##.#
.#...##..........h.##.######.##.#
#.#.####..###........#....##.##.#
###.####..##....(..>..###.##.##.#
..........##...#......###.##.##.#
###.#####.##....................#
#...÷.......##....(.###########
#######.............#
####.###.....##


You could see a hound.

Vanquished Creatures
  The ghost of sscrono2 the Sneak, an amateur OpAs of Ru (D:4)
  Menkaure (D:4)
  A sky beast (D:6)
  2 phantoms
  The ghost of HarryKnackers the Chopper, an amateur MiBe of Trog (D:3)
  2 ogres (D:6)
  Blork the orc (D:5)
  A centaur zombie (D:5)
  2 crimson imps
  A jelly (D:5)
  A bullfrog zombie (D:5)
  2 hounds (D:5)
  2 iguanas (D:5)
  An orc wizard (D:4)
  2 worker ants (D:4)
  3 gnolls (D:3)
  8 adders
  An ooze (D:5)
  An adder skeleton (D:5)
  An adder zombie (D:5)
  2 worms (D:2)
  2 dart slugs
  17 orcs
  14 bats
  9 giant cockroaches
  6 goblins
  8 hobgoblins
  11 jackals
  8 kobolds
  A quokka (D:3)
  2 ball pythons
  4 frilled lizards
  A leopard gecko skeleton (D:4)
  A quokka skeleton (D:4)
  7 rats
128 creatures vanquished.

Notes
Turn   | Place    | Note
-------+----------+-------------------------------------------
     0 | D:1      | suicidejoker the Gargoyle Fighter began the quest for the Orb.
     0 | D:1      | Reached XP level 1. HP: 14/14 MP: 1/1
   113 | D:1      | Reached XP level 2. HP: 19/19 MP: 2/2
   234 | D:1      | Reached skill level 1 in Dodging
   505 | D:1      | Reached XP level 3. HP: 21/23 MP: 3/3
  1239 | D:2      | Reached XP level 4. HP: 28/28 MP: 4/4
  2031 | D:3      | Noticed HarryKnackers's ghost (amateur MiBe)
  2082 | D:3      | Reached XP level 5. HP: 32/33 MP: 5/5
  2083 | D:3      | Found a faded altar of an unknown god.
  2562 | D:3      | Found an ancient bone altar of Kikubaaqudgha.
  2564 | D:3      | Found a snail-covered altar of Cheibriados.
  2564 | D:3      | Found a glowing golden altar of the Shining One.
  2564 | D:3      | Found a shadowy altar of Dithmenos.
  2569 | D:3      | Found a sacrificial altar of Ru.
  2569 | D:3      | Found a basalt altar of Yredelemnul.
  2570 | D:3      | Found a radiant altar of Vehumet.
  2595 | D:3      | Killed HarryKnackers's ghost
  2595 | D:3      | Reached XP level 6. HP: 17/38 MP: 6/6
  3033 | D:4      | Noticed Menkaure
  3038 | D:4      | Killed Menkaure
  3051 | D:4      | Reached XP level 7. HP: 43/44 MP: 7/7
  3078 | D:4      | Noticed sscrono2's ghost (amateur OpAs)
  3094 | D:4      | Killed sscrono2's ghost
  3127 | D:4      | Found Ruofigyq's Food Shoppe.
  3565 | D:5      | Entered Level 5 of the Dungeon
  3633 | D:5      | Noticed Blork the orc
  3645 | D:5      | Killed Blork the orc
  3645 | D:5      | Reached skill level 5 in Fighting
  3645 | D:5      | Reached XP level 8. HP: 39/49 MP: 8/8
  3865 | D:5      | Reached skill level 5 in Armour
  3865 | D:5      | Reached skill level 5 in Shields
  4099 | D:5      | Reached skill level 5 in Long Blades
  4156 | D:5      | Found a deep blue altar of Sif Muna.
  4754 | D:6      | Found a staircase to the Ecumenical Temple.
  4764 | Temple   | Entered the Ecumenical Temple
  4788 | Temple   | Became a worshipper of Gozag Ym Sagoz the Greedy
  4863 | D:5      | HP: 2/50 [hound (2)]
  4865 | D:5      | Slain by a hound

Vault maps used:
D:1:      lightli_arrival_statue_moat, minivault_5
D:2:      minmay_tetromino_l4
D:3:      grunt_temple_overflow_open, first_ration,
          chequers_ecumenical_altar_simple_redux
D:4:      serial_shops, shop, uniq_menkaure
D:5:      led_sif_book, uniq_blork_the_orc
D:6:      minmay_temple_entry_grid
Temple:   cyrus_circular_temple

Skill      XL: |  1  2  3  4  5  6  7  8 |
---------------+-------------------------+-----
Long Blades    | 2 3 4 5 |  5.4
Dodging        | 1 2 3 4 |  4.5
Fighting       | 4 5 |  5.5
Armour         | 4 5 |  5.4
Shields        | 4 5 |  5.4

Action                   |  1- 3 |  4- 6 |  7- 9 || total
-------------------------+-------+-------+-------++-------
Melee: Long sword        |   127 |   106 |   347 ||   580
       War axe           |       |    88 |       ||    88
Throw: Tomahawk          |       |       |     6 ||     6
  Use: Scroll            |       |     5 |     1 ||     6
       Potion            |       |     5 |     7 ||    12
 Stab: Invisible         |       |       |     4 ||     4
  Eat: Chunk             |     1 |     4 |     3 ||     8
       Ration            |       |     1 |     1 ||     2
Armor: Scale mail        |    67 |   145 |    80 ||   292
       Plate armour      |       |       |   100 ||   100
Dodge: Dodged            |    35 |   108 |   100 ||   243
Block: Shield            |    68 |   145 |   185 ||   398
       Rpst.: Long sword |    11 |    18 |    29 ||    58

Table legend:
 A = Spawn XP
 B = Non-spawn XP
 C = Spawn XP percentage of total XP
 D = Spawn monster count
 E = Non-spawn monster count
 F = Spawn count percentage of total count
 G = Total turns spent on level
                    A         B        C        D         E        F      G
               +---------+---------+-------+---------+---------+-------+---------
         Total |       0 |    2128 |   0.0 |       0 |     128 |   0.0 |  4865
               +---------+---------+-------+---------+---------+-------+---------
           D:1 |       0 |      37 |   0.0 |       0 |      21 |   0.0 |   819
           D:2 |       0 |      80 |   0.0 |       0 |      25 |   0.0 |  1071
           D:3 |       0 |     270 |   0.0 |       0 |      38 |   0.0 |  1121
           D:4 |       0 |     691 |   0.0 |       0 |      18 |   0.0 |   554
           D:5 |       0 |     616 |   0.0 |       0 |      19 |   0.0 |   911
           D:6 |       0 |     434 |   0.0 |       0 |       7 |   0.0 |   351
               +---------+---------+-------+---------+---------+-------+---------
